 Dungeon Crawl Stone Soup version 0.30.1-9-gdf580d7c3d (webtiles) character file.

Game seed: 9043017495098422752

2 safid the Chiller (level 1, -1/13 HPs)
             Began as a Merfolk Ice Elementalist on Oct 4, 2023.
             Slain by a hobgoblin (4 damage)
             ... on level 1 of the Dungeon.
             The game lasted 00:00:16 (84 turns).

safid the Chiller (Merfolk Ice Elementalist)          Turns: 84, Time: 00:00:17

Health: -1/13      AC:  3    Str:  8    XL:     1   Next: 30%
Magic:  0/3        EV: 12    Int: 14    God:
Gold:   8          SH:  0    Dex: 14    Spells: 3/4 levels left

rFire   . . .        (no weapon)
rCold   . . .        (no shield)
rNeg    . . .        a - +0 robe
rPois   .            c - +0 helmet
rElec   .            (no cloak)
rCorr   .            (no gloves)
SInv    .            (no boots)
Will    .....        (no amulet)
Stlth   ++           (no ring)
HPRegen 0.22/turn    (no ring)
MPRegen 0.08/turn

%: no passive effects
@: no status effects
A: (nimble swimmer 2), mertail
a: no special abilities


You were on level 1 of the Dungeon.
You visited 1 branch of the dungeon, and saw 1 of its levels.

You collected 8 gold pieces.

Inventory:

Armour
 a - a +0 robe (worn)
 c - a +0 helmet (worn)
Potions
 b - a potion of magic


   Skills:
 + Level 0.2 Fighting
 - Level 2.6 Dodging
 - Level 2.1 Stealth
 + Level 2.0 Spellcasting
 + Level 4.4 Ice Magic


You had 3 spell levels left.
You knew the following spells:

 Your Spells              Type           Power      Damage    Failure   Level
a - Freeze                Ice            52%        1d6       3%          1

Your spell library contained the following spells:

 Spells                   Type           Power      Damage    Failure   Level
 Frozen Ramparts          Ice            26%        1d4       12%         3
 Ozocubu's Armour         Ice            13%        N/A       12%         3
 Summon Ice Beast         Ice/Summ       7%         N/A       67%         4


Dungeon Overview and Level Annotations

Branches:
Dungeon (1/15)

Altars:


Innate Abilities, Weirdness & Mutations

((You are very nimble when in or above water. (Stealth+, EV+, Speed+++)))
Your lower body shifts to a powerful aquatic tail in water.


Message History

You hit the giant cockroach but do no damage.
The giant cockroach bites you. x2
Your magical contamination has completely faded away.
You hit the giant cockroach.
The giant cockroach is heavily wounded.
The giant cockroach bites you but does no damage.
You barely miss the giant cockroach.
The giant cockroach is heavily wounded.
The giant cockroach barely misses you.
You barely miss the giant cockroach.
The giant cockroach is heavily wounded.
The giant cockroach closely misses you.
You hit the giant cockroach but do no damage.
The giant cockroach is heavily wounded.
The giant cockroach bites you but does no damage.
You completely miss the giant cockroach.
The giant cockroach is heavily wounded.
The giant cockroach bites you but does no damage.
The hobgoblin misses you. The giant cockroach bites you.
Casting: Freeze (safe; 3% risk of failure)
Confirm with . or Enter, or press ? or * to list all spells.
Aiming: Freeze (safe; 3% risk of failure)
Press: ? - help, Shift-Dir - straight line, f/p - giant cockroach
Aim: a giant cockroach (heavily wounded)
You freeze the giant cockroach.
The giant cockroach is almost dead.
The giant cockroach bites you but does no damage.
The hobgoblin hits you.
You barely miss the giant cockroach.
The giant cockroach is almost dead.
The giant cockroach bites you. The hobgoblin hits you.
* * * LOW HITPOINT WARNING * * *
You closely miss the giant cockroach.
The giant cockroach is almost dead.
The giant cockroach closely misses you. The hobgoblin closely misses you.
You barely miss the giant cockroach.
The giant cockroach is almost dead.
The giant cockroach bites you but does no damage.
The hobgoblin hits you.
You die...

###.....# ........#
+<'....## #.......#
#####....# ##.......#
.........# .........
.........# #$)#..###
.........# #........
.........# ###...#....
........## #.B..## #
#......###### ##@#..#
###.........###..g..#
#.............#.#...#
#.........#..........#
#.........#.##.......#
#...........##.......#
##.#.#...#### .......#
#.#...### .......#
####### ....[..#


You could see a giant cockroach and a hobgoblin.

Vanquished Creatures
  An endoplasm (D:1)
  A kobold (D:1)
2 creatures vanquished.

Notes
Turn   | Place    | Note
-------+----------+-------------------------------------------
     0 | D:1      | safid the Merfolk Ice Elementalist began the quest for the
                  | Orb.
     0 | D:1      | Reached XP level 1. HP: 13/13 MP: 3/3
    84 | D:1      | Slain by a hobgoblin

Illustrated notes

Levels and vault maps discovered:
D:1:      dpeg_arrival_tiny_c, layout_rooms

Action                     || total
---------------------------++-------
  Melee: Unarmed           ||    11
   Cast: Freeze            ||     5
 Armour: Robe              ||     7
  Dodge: Dodged            ||    12
